 Dungeon Crawl Stone Soup version 0.30-a0-305-g026cb31310 (webtiles) character file.

Game seed: 9909879705761322978

331 timneilson the Conjurer (level 6, -18/48 HPs)
             Began as a Draconian Conjurer on Oct 22, 2022.
             Demolished by Pikel
             ... wielding a +0 whip of electrocution
              (19 damage)
             ... on level 4 of the Dungeon.
             The game lasted 00:13:40 (4524 turns).

timneilson the Conjurer (Draconian Conjurer)        Turns: 4524, Time: 00:13:41

Health: -18/48     AC:  7    Str:  9    XL:     6   Next: 26%
Magic:  0/11       EV: 12    Int: 21    God:
Gold:   293        SH:  0    Dex:  9    Spells: 1/11 levels left

rFire   . . .      SeeInvis .    h - +0 whip (elec)
rCold   + . .      Faith    .    (no shield)
rNeg    . . .      Spirit   .    (body armour unavailable)
rPois   .          Reflect  .    (helmet restricted)
rElec   .          Harm     .    (no cloak)
rCorr   .          Rampage  .    (no gloves)
Will    .....                    p - +0 pair of boots
Stlth   ++........               n - amulet of regeneration
HPRegen 1.08/turn                j - ring of protection from cold
MPRegen 0.12/turn                f - ring of flight

@: flying, hasted, very quick
A: AC +6, unfitting armour, cold-blooded
a: no special abilities


You were on level 4 of the Dungeon.
You visited 1 branch of the dungeon, and saw 4 of its levels.

You collected 293 gold pieces.

Inventory:

Hand Weapons
 h - a +0 whip of electrocution (weapon)
 i - a +0 vampiric short sword
Armour
 p - a +0 pair of boots (worn)
Jewellery
 f - a ring of flight (right hand)
 j - a ring of protection from cold (left hand)
 n - an amulet of regeneration (around neck)
Wands
 b - a wand of charming (6)
Scrolls
 m - a scroll of amnesia {unknown}
 o - a scroll of summoning {unknown}
 q - a scroll of fear {unknown}
Potions
 a - 2 potions of magic
 c - 2 potions of haste
 d - a potion of invisibility
 e - a potion of might
 g - 5 potions of curing {unknown}
 k - a potion of brilliance {unknown}
 l - a potion of flight {unknown}


   Skills:
 + Level 1.7 Fighting
 * Level 3.1 Dodging
 + Level 2.5 Stealth
 * Level 3.3 Spellcasting
 * Level 4.9 Conjurations
 + Level 0.9 Translocations
 + Level 0.4 Transmutations
 + Level 0.6 Fire Magic
 + Level 0.6 Poison Magic
 + Level 1.1 Evocations


You had one spell level left.
You knew the following spells:

 Your Spells              Type           Power      Damage    Failure   Level
a - Magic Dart            Conj           96%        1d7       1%          1
b - Searing Ray           Conj           48%        2d6       2%          2
c - Iskenderun's Mystic   Conj/Tloc      15%        2d5       36%         4
d - Ignite Poison         Fire/Tmut/Pois 5%         N/A       30%         3

Your spell library contained the following spells:

 Spells                   Type           Power      Damage    Failure   Level
 Kiss of Death            Conj/Necr      52%        2d9       4%          1
 Dazzling Flash           Conj/Hex       26%        N/A       14%         3
 Sublimation of Blood     Necr           3%         N/A       19%         2
 Confusing Touch          Hex            3%         N/A       36%         3
 Ozocubu's Armour         Ice            3%         N/A       36%         3
 Sticky Flame             Conj/Fire      15%        2d4       38%         4
 Fulminant Prism          Conj/Hex       6%         3d7       43%         4
 Petrify                  Tmut/Erth      4%         N/A       75%         4
 Irradiate                Conj/Tmut      7%         3d14      75%         5
 Dispel Undead            Necr           3%         3d7       77%         4
 Ozocubu's Refrigeration  Ice            1%         4d7       100%        7
 Ignition                 Fire           3%         3d4       100%        8


Dungeon Overview and Level Annotations

Branches:
Dungeon (4/15)
 Temple: D:4-7

Altars:

Shops:
D:3 (

Annotations:
D:4 3 runed translucent doors, Arex's ghost, novice OpTm; Pikel


Innate Abilities, Weirdness & Mutations

Your plain brown scales are hard. (AC +6)
You cannot fit into any form of body armour.
You are cold-blooded and may be slowed by cold attacks.


Message History

The spell is quite dangerous to miscast (36% risk of failure)!
Continue anyway?
Okay, then.
Unknown command.
Casting: Iskenderun's Mystic Blast (quite dangerous; 36% risk of failure)
Confirm with . or Enter, or press ? or * to list all spells.
Aiming: Searing Ray (safe; 2% risk of failure)
Press: ? - help, Shift-Dir - straight line, f - Pikel
Aim: Pikel, wielding a +0 whip of electrocution and wearing a +0 robe (lightly wounded, 74% to hit)
The searing ray hits Pikel!
Pikel is moderately wounded. (Press . to maintain the ray.) Pikel hits you with a +0 whip of electrocution!
The searing ray hits Pikel.
Pikel is moderately wounded.
The lemure hits you.
Pikel hits you with a +0 whip of electrocution!
You are electrocuted!
Unknown command.
The searing ray hits Pikel.
Pikel is heavily wounded.
The lemure hits you!
* * * LOW HITPOINT WARNING * * *
The lemure barely misses you.
Pikel hits you with a +0 whip of electrocution.
* * * LOW HITPOINT WARNING * * *
The searing ray hits Pikel.
Pikel is heavily wounded.
You finish channelling your searing ray.
The lemure closely misses you. x2; Pikel drinks a potion.
Pikel seems to grow stronger.
Unknown command.
Casting: Searing Ray (safe; 2% risk of failure)
Confirm with . or Enter, or press ? or * to list all spells.
Okay, then.
You feel yourself speed up. The lemure closely misses you.
The lemure misses you.
Pikel hits you with a +0 whip of electrocution!
* * * LOW HITPOINT WARNING * * *
You are electrocuted!!
You die...

###Z#.#Z#.#..##
#......####.#
..#Z....#.##..###....###
###
..+....##.##...##....##
..+...(W#.........##=.##
..+[..!##........####..##
..#.....#.###.[.)#####..##
###.#.#.#.##..#....####..#
#######....##5....###.##
#..#......5@##...#.#
###.......K5####...#
##..#...#...# ##.##
#.##..5.###.## ##.#
#.......# #..# #.#
##.#....####.## #...
##......###..##.###.
#.......##....## ##
#...#.....#......#


You could see Pikel (strong) and 4 lemures.

Vanquished Creatures
  An ice beast (D:4)
  A jelly (D:1)
  4 gnolls (D:2)
  6 adders
  2 ufetubi (D:3)
  A worm (D:1)
  A dart slug (D:3)
  5 orcs
  11 endoplasms
  8 giant cockroaches
  A goblin (D:1)
  11 hobgoblins
  9 jackals
  A quokka (D:1)
  5 ball pythons
  A bat (D:1)
  5 frilled lizards
  13 kobolds
  8 rats
94 creatures vanquished.

Notes
Turn   | Place    | Note
-------+----------+-------------------------------------------
     0 | D:1      | timneilson the Draconian Conjurer began the quest for the
                  | Orb.
     0 | D:1      | Reached XP level 1. HP: 14/14 MP: 3/3
     0 | D:1      | Noticed a jelly
     2 | D:1      | Found a runed translucent door.
   244 | D:1      | Reached XP level 2. HP: 22/22 MP: 3/5
   906 | D:1      | Reached XP level 3. HP: 27/27 MP: 3/6
  1071 | D:1      | Reached skill level 1 in Fighting
  1200 | D:1      | Learned a level 2 spell: Searing Ray
  1328 | D:1      | Reached XP level 4. HP: 35/35 MP: 2/8
  2503 | D:2      | Learned a level 4 spell: Iskenderun's Mystic Blast
  2533 | D:3      | Reached XP level 5. HP: 40/40 MP: 5/9
  2735 | D:3      | Found Jecruogg's Weapon Emporium.
  3390 | D:3      | Learned a level 3 spell: Ignite Poison
  3863 | D:4      | Reached skill level 1 in Evocations
  3925 | D:4      | Noticed a lemure
  3926 | D:4      | Noticed Pikel
  3926 | D:4      | Noticed a lemure
  3927 | D:4      | Noticed a lemure
  4136 | D:4      | Noticed an ice beast
  4151 | D:4      | Killed an ice beast
  4152 | D:4      | Reached XP level 6. HP: 48/48 MP: 1/10
  4379 | D:4      | Found a runed translucent gate.
  4382 | D:4      | Found a runed translucent gate.
  4383 | D:4      | Found a runed translucent gate.
  4385 | D:4      | Noticed Arex's ghost (novice OpTm)
  4524 | D:4      | HP: 1/48 [Pikel/+0 whip of electrocution (9)]
  4524 | D:4      | Demolished by Pikel

Illustrated notes

Levels and vault maps discovered:
D:1:      dpeg_arrival_caged_fury, layout_basic,
          wander_ebering_terrifying_dragon_lair
D:2:      layout_basic
D:3:      layout_loops_corners, serial_shops, nicolae_lakefront_shop
D:4:      layout_layer_cave, gammafunk_ghost_necromancy, grunt_ministairs_3,
          uniq_pikel

Skill      XL: |  1  2  3  4  5 |
---------------+----------------+-----
Dodging        | 2 3 |  3.1
Stealth        | 2 |  2.5
Fighting       | 1 |  1.7
Spellcasting   | 3 |  3.3
Evocations     | 1 |  1.1
Conjurations   | |  4.9
Translocations | |  0.9
Transmutations | |  0.4
Fire Magic     | |  0.6
Poison Magic   | |  0.6

Action                   |  1- 3 |  4- 6 || total
-------------------------+-------+-------++-------
Melee: Unarmed           |    13 |       ||    13
       Tailslap          |    11 |     6 ||    17
       Punch             |     2 |       ||     2
       Short sword       |    59 |     2 ||    61
       Whip              |       |    29 ||    29
 Cast: Magic Dart        |    58 |    83 ||   141
       Searing Ray       |     1 |     9 ||    10
  Use: Scroll            |       |     6 ||     6
       Potion            |       |     1 ||     1
Armor: Skin              |    30 |    17 ||    47
Dodge: Dodged            |    51 |    38 ||    89

Table legend: (Time is in decaauts)
 A = Elapsed time spent in this place.
 B = Non-inter-level travel time spent in this place.
 C = Inter-level travel time spent in this place.
 D = Time resting spent in this place.
 E = Time spent auto-exploring this place.
 F = Levels seen in this place.
 G = Mean time per level.
                   A        B        C        D        E       F      G
               +--------+--------+--------+--------+--------+-----+--------+
         Total |   4529 |   4384 |    145 |    180 |   3254 |   4 | 1132.2 |
       Dungeon |   4529 |   4384 |    145 |    180 |   3254 |   4 | 1132.2 |
               +--------+--------+--------+--------+--------+-----+--------+

Top non-repeatable levels by time:
     D:1: 1448 daAuts
     D:3: 1285 daAuts
     D:2: 1082 daAuts
     D:4: 711 daAuts
